 Dungeon Crawl Stone Soup version 0.28.0-53-g5a82cb258f (webtiles) character file.

Game seed: 9274589689257634418

75888 firemarshallily the Devastator (level 15, -2/72 HPs)
             Began as a Tengu Fire Elementalist on June 3, 2022.
             Was the Champion of Vehumet.
             Slain by Azrael
             ... wielding a +4 scimitar of flaming
              (3 damage)
             ... on level 12 of the Dungeon on June 4, 2022.
             The game lasted 02:26:49 (26403 turns).

firemarshallily the Devastator (TeFE)              Turns: 26403, Time: 02:26:50

Health: -2/72      AC: 12    Str:  7    XL:     15   Next: 51%
Magic:  26/36      EV: 14    Int: 27    God:    Vehumet [******]
Gold:   814        SH:  6    Dex: 21    Spells: 8/46 levels left

rFire   . . .      SeeInvis .   Y - +5 quick blade (elec)
rCold   + . .      Faith    .   b - +0 buckler {rC+}
rNeg    + . .      Spirit   .   o - +3 troll leather armour {Snorg}
rPois   +          Reflect  .   (helmet restricted)
rElec   +          Harm     .   k - +1 cloak
rCorr   .          Rampage  .   I - +1 pair of gloves "Gyfech" {rN+ Regen+ Str-3}
Will    +....                   (boots unavailable)
Stlth   +++.......              C - amulet of the acrobat
HPRegen 1.82/turn               e - +6 ring of intelligence
MPRegen 0.25/turn               l - ring of Leaves {rElec rPois Dex+6 Slay-4 Stlth+}

@: freezing walls, flying quickly and evasively, hasted, very quick
A: beak, talons 3, nimble flight, screaming 1
a: Renounce Religion


You were on level 12 of the Dungeon.
You worshipped Vehumet.
Vehumet was exalted by your worship.
You visited 2 branches of the dungeon, and saw 18 of its levels.
You also visited: Ossuary, Bailey and Volcano.

You collected 1624 gold pieces.
You spent 806 gold pieces at shops.
You donated 4 gold pieces to Zin.

Inventory:

Hand Weapons
 A - the +9 hunting sling "Louga" {vorpal, rPois rN+ Will- Int+2}
   (You found it on level 7 of the Dungeon)

   Any ammunition fired from it inflicts extra damage upon your enemies.
   Int:       It affects your intelligence (+2).
   rPois:     It protects you from poison.
   rN:        It protects you from negative energy.
   Will:      It decreases your willpower.
 Y - a +5 quick blade of electrocution (weapon)
Missiles
 c - 630 stones
 d - 237 sling bullets
 j - 10 poisoned darts
 n - 39 boomerangs (quivered)
 x - 3 throwing nets
 P - 5 boomerangs of dispersal
 U - 6 atropa-tipped darts
Armour
 b - a +0 buckler of cold resistance (worn)
 k - a +1 cloak (worn)
 o - a +3 troll leather armour (worn) {Snorg}
 q - a scarf of invisibility
 I - the +1 pair of gloves "Gyfech" (worn) {rN+ Regen+ Str-3}
   (You acquired it in a bailey)

   Str:       It affects your strength (-3).
   rN:        It protects you from negative energy.
   Regen:     It increases your rate of health regeneration.
 R - the +0 leather armour "Dilim" {Regen+ rCorr}
   (You found it on level 11 of the Dungeon)

   Regen:     It increases your rate of health regeneration.
   rCorr:     It protects you from acid and corrosion.
 T - the +0 leather armour of Leaves {+Blink rPois rN+++ Str-2}
   (You found it on level 11 of the Dungeon)

   Str:       It affects your strength (-2).
   rPois:     It protects you from poison.
   rN:        It renders you almost immune to negative energy.
   +Blink:    It lets you blink.
 V - +0 steam dragon scales
Jewellery
 e - a +6 ring of intelligence (left hand)
 l - the ring of Leaves (right hand) {rElec rPois Dex+6 Slay-4 Stlth+}
   (You found it on level 6 of the Dungeon)

   [ring of dexterity]

   Dex:       It affects your dexterity (+6).
   Slay:      It affects your accuracy & damage with ranged weapons and melee
   (-4).
   rElec:     It insulates you from electricity.
   rPois:     It protects you from poison.
   Stlth:     It makes you more stealthy.
 s - a ring of protection from fire
 u - the ring of Peace {rCorr Str+6 Stlth+}
   (You found it on level 6 of the Lair of Beasts)

   [ring of strength]

   Str:       It affects your strength (+6).
   rCorr:     It protects you from acid and corrosion.
   Stlth:     It makes you more stealthy.
 C - an amulet of the acrobat (around neck)
 W - a ring of willpower
 Z - a ring of positive energy
Wands
 a - a wand of iceblast (27)
 p - a wand of charming (10)
 y - a wand of paralysis (4)
 z - a wand of digging (12)
 B - a wand of flame (38)
 M - a wand of mindburst (16)
 N - a wand of acid (21)
Scrolls
 f - a scroll of holy word
 g - 3 scrolls of amnesia
 v - 3 scrolls of blinking
 D - 3 scrolls of summoning
 E - 6 scrolls of fog
 G - 7 scrolls of fear
 K - 4 scrolls of teleportation
 S - 2 scrolls of magic mapping
 X - a scroll of identify
Potions
 h - 7 potions of curing
 i - 2 potions of ambrosia
 m - 3 potions of magic
 r - 8 potions of might
 t - 4 potions of brilliance
 w - 2 potions of cancellation
 F - 3 potions of heal wounds
 H - a potion of resistance
 J - 2 potions of haste
 O - 2 potions of lignification
Miscellaneous
 L - a phantom mirror


   Skills:
 - Level 5.0 Armour
 - Level 2.1 Dodging
 - Level 2.0 Stealth
 * Level 3.4 Shields
 * Level 16.3 Spellcasting
 * Level 20.5 Conjurations
 - Level 13.0 Fire Magic


You had 8 spell levels left.
You knew the following spells:

 Your Spells              Type           Power      Damage    Failure   Level
a - Foxfire               Conj/Fire      100%       2x1d9     0%          1
b - Scorch                Fire           100%       2d10      1%          2
c - Flame Wave            Conj/Fire      85%        2d15      1%          4
d - Frozen Ramparts       Ice            44%        1d6       3%          3
e - Hailstorm             Conj/Ice       67%        3d14      1%          4
f - Irradiate             Conj/Tmut      33%        3d24      1%          5
g - Starburst             Conj/Fire      42%        6d12      1%          6
h - Fireball              Conj/Fire      42%        3d17      1%          5
i - Iskenderun's Battles  Conj           93%        2d14      1%          5
j - Stone Arrow           Conj/Erth      100%       3d13      1%          3

Your spell library contained the following spells:

 Spells                   Type           Power      Damage    Failure   Level
 Eringya's Noxious Bog    Tmut/Pois      11%        N/A       80%         6
 Conjure Flame            Conj/Fire      85%        6-21      0%          3
 Sandblast                Erth           44%        2d11      1%          1
 Inner Flame              Hex/Fire       55%        N/A       1%          3
 Orb of Destruction       Conj           46%        9d12      1%          7
 Conjure Ball Lightning   Conj/Air       33%        3x3d11    2%          6
 Animate Skeleton         Necr           44%        N/A       4%          1
 Beastly Appendage        Tmut           44%        N/A       4%          1
 Pain                     Necr           88%        1d8       4%          1
 Summon Small Mammal      Summ           88%        N/A       4%          1
 Blink                    Tloc           44%        N/A       6%          2
 Passwall                 Tmut/Erth      18%        N/A       6%          2
 Wereblood                Tmut           22%        N/A       6%          2
 Call Canine Familiar     Summ           22%        N/A       12%         3
 Confusing Touch          Hex            22%        N/A       12%         3
 Lesser Beckoning         Tloc           22%        N/A       12%         3
 Portal Projectile        Hex/Tloc       44%        N/A       12%         3
 Spider Form              Tmut/Pois      22%        N/A       12%         3
 Vampiric Draining        Necr           22%        2d7       12%         3
 Yara's Violent Unravell  Hex/Tmut       11%        3d6       28%         5
 Ice Form                 Ice/Tmut       22%        N/A       38%         4
 Summon Ice Beast         Ice/Summ       22%        N/A       38%         4
 Blade Hands              Tmut           11%        N/A       75%         5
 Excruciating Wounds      Necr           11%        N/A       75%         5
 Manifold Assault         Tloc           22%        N/A       75%         5
 Summon Mana Viper        Hex/Summ       22%        N/A       75%         5
 Simulacrum               Ice/Necr       11%        N/A       99%         6
 Fire Storm               Conj/Fire      42%        8d11      69%         9
 Chain Lightning          Conj/Air       33%        3d44      100%        9
 Shatter                  Erth           11%        3d12*     100%        9


Dungeon Overview and Level Annotations

Branches:
Dungeon (12/15)            Temple (0/1) D:6            Lair (6/6) D:11
 Shoals (0/4) Lair:3        Snake (0/4) Lair:4        Slime (0/5) Lair:6
    Orc (0/2) D:12        Ossuary (visited)          Bailey (visited)
Volcano (visited)

Altars:
Ashenzari
Cheibriados
Dithmenos
Elyvilon
Gozag
Kikubaaqudgha
Nemelex Xobeh
Qazlal
Sif Muna
Vehumet
Wu Jian
Yredelemnul
Zin

Shops:
D:1 *   D:7 *   D:8 [   D:10 :

Annotations:
D:4 exclusion: statue
D:5 3 runed translucent doors, pkoi's ghost, novice DgFi
D:11 exclusion: oklob sapling
D:12 Azrael
Lair:1 2 transporters, reptisaurus's ghost, journeyman HuFE
Lair:5 exclusion: oklob plant


Innate Abilities, Weirdness & Mutations

You have a beak for a mouth.
You have claws for feet.
Your magical nature lets you fly swiftly and evasively.
You occasionally shout uncontrollably at your foes.


Message History

Confirm with . or Enter, or press ? or * to list all spells.
Aiming: Stone Arrow (safe; 1% risk of failure)
Press: ? - help, Shift-Dir - straight line, f/p - Azrael
Aim: Azrael, wielding a +4 scimitar of flaming (moderately wounded, ally target, 92% to hit)
The stone arrow hits Azrael!
Azrael is moderately wounded.
You are covered in liquid flames!
* * * LOW HITPOINT WARNING * * *
You are no longer on fire.
The wall freezes the fire elemental.
The hell hound is frozen!
The wall freezes the hell hound.
Azrael is frozen!
The wall freezes Azrael.
Azrael gestures at you.
The sticky flame hits you but does no damage.
You are covered in liquid flames!
You feel much better.
You are covered in liquid flames!
The hell hound is frozen!
The wall freezes the hell hound.
The hell hound breathes flames at you.
The blast of flame hits Azrael.
Azrael completely resists.
The blast of flame hits you!
The fire elemental is frozen!
The wall freezes the fire elemental.
The wall freezes the hell hound.
Azrael is frozen!
The wall freezes Azrael.
Azrael gestures at you.
The fireball explodes!
The fireball engulfs you!
* * * LOW HITPOINT WARNING * * *
The fireball engulfs Azrael.
Azrael completely resists.
The fire elemental is frozen!
The wall freezes the fire elemental!
You feel yourself speed up.
You are covered in liquid flames!
* * * LOW HITPOINT WARNING * * *
You are no longer on fire.
The hell hound is frozen!
The wall freezes the hell hound.
The fire elemental is frozen!
The wall freezes the fire elemental.
You destroy the fire elemental!
Vehumet accepts your kill.
You feel your power returning.
Azrael is frozen!
The wall freezes Azrael.
Azrael hits you with a +4 scimitar of flaming.
* * * LOW HITPOINT WARNING * * *
Azrael burns you.
You die...

#### h.#
########R###
#.......@.*#
#..........#
+..........#
#..........#
#..........#
#<.........#
#..........#
#......)...#
#.....)....#


You could see Azrael, a hell hound (catching breath, ally target) and a friendly
battlesphere.

Vanquished Creatures
  Kirke (Lair:6)
  An orc warlord (Bailey)
  Snorg (D:11)
  A fire dragon (Volcano)
  4 hydras
  2 catoblepae
  4 boulder beetles
  4 two-headed ogres
  A death knight (D:12)
  10 death yaks
  A skeletal warrior (D:12)
  2 lindwurms
  A deep elf pyromancer (D:12)
  A cyclops (D:11)
  4 merfolk sirens (Lair:3)
  21 elephants
  8 black mambas
  2 molten gargoyles (Volcano)
  2 gargoyles
  11 cane toads
  A torpor snail (Lair:5)
  Joseph (Lair:1)
  5 rime drakes
  2 unseen horrors
  8 komodo dragons
  2 freezing wraiths
  6 polar bears
  5 trolls
  3 slime creatures (D:12)
  8 hornets
  17 dream sheep
  21 blink frogs
  2 shadows
  2 wraiths
  15 spriggans (Lair:6)
  4 hogs (Lair:6)
  41 yaks
  2 fire bats (Volcano)
  9 basilisks
  A human (Lair:6)
  8 wyverns
  A fire elemental (D:12)
  5 steam dragons
  An acid dragon (D:12)
  17 water moccasins
  A hell hound (Volcano)
  5 black bears
  2 ice beasts
  6 orc warriors
  3 necrophages
  3 boggarts (Lair:6)
  34 wolves
  2 centaurs
  4 ogres
  2 phantoms (D:5)
  A kobold brigand (D:11)
  14 bullfrogs
  5 scorpions
  A gnoll sergeant (D:8)
  A water moccasin zombie (D:6)
  8 wights (D:8)
  4 killer bees (D:8)
  6 electric eels
  A howler monkey (D:6)
  6 lava snakes (Volcano)
  3 jellies
  An iron imp (D:7)
  3 bullfrog skeletons
  6 centaur zombies
  8 hounds
  2 orc priests
  A gnoll shaman (D:7)
  2 iguanas
  4 orc wizards
  7 hell rats (Lair:2)
  2 killer bee zombies
  3 mummies
  A howler monkey zombie (D:9)
  8 gnolls
  A howler monkey skeleton (D:5)
  9 adders
  4 river rats (Lair:2)
  A shadow imp (D:8)
  3 white imps
  2 adder skeletons
  3 worms
  A dart slug (D:1)
  24 orcs
  7 bats
  9 endoplasms
  2 giant cockroaches
  6 gnoll zombies (Ossuary)
  8 goblins
  10 hobgoblins
  11 jackals
  21 kobolds
  3 quokkas
  14 ball pythons
  4 goblin zombies
  4 hobgoblin zombies
  2 orc zombies (Ossuary)
  7 rats (Lair:2)
585 creatures vanquished.

Vanquished Creatures (collateral kills)
  11 foxfires
11 creatures vanquished.

Vanquished Creatures (others)
  A human (Lair:6)
  2 bushes
  1409 foxfires
  62 fungi
  87 plants
1561 creatures vanquished.

Grand Total: 2157 creatures vanquished

Notes
Turn   | Place    | Note
-------+----------+-------------------------------------------
     0 | D:1      | firemarshallily the Tengu Fire Elementalist began the quest
                  | for the Orb.
     0 | D:1      | Reached XP level 1. HP: 10/10 MP: 4/4
    94 | D:1      | Reached XP level 2. HP: 13/15 MP: 1/6
   104 | D:1      | Learned a level 2 spell: Scorch
   615 | D:1      | Found Wobrim's General Store.
   625 | D:1      | Reached skill level 2 in Conjurations
   707 | D:1      | Reached XP level 3. HP: 19/19 MP: 3/7
   790 | D:1      | You fall into a shaft and drop 1 floor!
  1127 | D:1      | Bought a scroll of identify for 26 gold pieces
  1527 | D:2      | Found a faded altar of an unknown god.
  1530 | D:2      | Prayed at the altar of an unknown god.
  1530 | D:2      | Became a worshipper of Zin the Law-Giver
  1530 | D:2      | Reached * piety under Zin
  1531 | D:2      | Fell from the grace of Zin
  1901 | D:2      | Noticed a scorpion
  1908 | D:2      | Killed a scorpion
  1909 | D:2      | Reached XP level 4. HP: 24/24 MP: 0/9
  2141 | D:3      | Found an ancient bone altar of Kikubaaqudgha.
  2227 | D:3      | Gained mutation: Your magical nature lets you fly swiftly
                  | and evasively. [Tengu growth]
  2227 | D:3      | Reached XP level 5. HP: 28/28 MP: 6/10
  2395 | D:3      | Reached skill level 3 in Conjurations
  2739 | D:3      | Found an ornate altar of the Wu Jian Council.
  2931 | D:3      | Found a shimmering blue altar of Sif Muna.
  3104 | D:3      | Found a sparkling altar of Nemelex Xobeh.
  3104 | D:3      | Found an opulent altar of Gozag.
  3365 | D:4      | Reached skill level 5 in Fire Magic
  3635 | D:4      | Found a sand-covered staircase.
  3640 | D:4      | Reached XP level 6. HP: 32/32 MP: 3/12
  3714 | Ossuary  | Entered an ossuary
  4273 | D:4      | Reached skill level 4 in Conjurations
  4372 | D:4      | Found a radiant altar of Vehumet.
  4778 | D:4      | Noticed a necrophage
  4785 | D:4      | Killed a necrophage
  4786 | D:4      | Reached XP level 7. HP: 36/36 MP: 7/14
  4959 | D:4      | Gained mutation: Armour fits poorly on your strangely
                  | shaped body. [potion of mutation]
  4959 | D:4      | Gained mutation: Your flesh is heat resistant. (rF+)
                  | [potion of mutation]
  4966 | D:4      | Became a worshipper of Vehumet
  5043 | D:5      | Entered Level 5 of the Dungeon
  5345 | D:5      | Reached skill level 5 in Spellcasting
  5467 | D:5      | Reached skill level 5 in Conjurations
  5534 | D:5      | Reached XP level 8. HP: 41/41 MP: 12/17
  5638 | D:5      | Found a runed translucent gate.
  5639 | D:5      | Found a runed translucent gate.
  5639 | D:5      | Found a runed translucent gate.
  5640 | D:5      | Noticed pkoi's ghost (novice DgFi)
  5965 | D:5      | Learned a level 4 spell: Flame Wave
  6029 | D:5      | Lost mutation: Your flesh is heat resistant. (rF+) [potion
                  | of mutation]
  6029 | D:5      | Lost mutation: Armour fits poorly on your strangely shaped
                  | body. [potion of mutation]
  6029 | D:5      | Gained mutation: You occasionally shout uncontrollably at
                  | your foes. [potion of mutation]
  6334 | D:6      | Identified the ring of Leaves {rElec rPois Dex+6 Slay-4
                  | Stlth+}
  6436 | D:6      | Reached skill level 6 in Conjurations
  6564 | D:6      | Found a basalt altar of Yredelemnul.
  6610 | D:6      | Reached * piety under Vehumet
  6610 | D:6      | Offered knowledge of Shock by Vehumet.
  6876 | D:6      | Reached XP level 9. HP: 45/45 MP: 15/20
  7221 | D:6      | Found a broken altar of Ashenzari.
  7277 | D:6      | Found a white marble altar of Elyvilon.
  7504 | D:6      | Found a staircase to the Ecumenical Temple.
  7744 | D:6      | Noticed a two-headed ogre
  7756 | D:6      | Killed a two-headed ogre
  7757 | D:6      | Reached skill level 7 in Conjurations
  8224 | D:7      | Found a stormy altar of Qazlal.
  8224 | D:7      | Found Ycu Louqa's Assorted Antiques.
  8230 | D:7      | Identified the +9 hunting sling "Louga" {vorpal, rPois rN+
                  | Will- Int+2}
  8437 | D:7      | Found a flagged portal.
  8484 | Bailey   | Entered a bailey
  8551 | Bailey   | Noticed an orc warlord
  8559 | Bailey   | Reached ** piety under Vehumet
  8559 | Bailey   | Offered knowledge of Static Discharge by Vehumet.
  8808 | Bailey   | Found a runed translucent gate.
  8808 | Bailey   | Found a runed translucent gate.
  8816 | Bailey   | Found a runed translucent gate.
  8850 | Bailey   | Reached skill level 8 in Conjurations
  8980 | Bailey   | Killed an orc warlord
  8981 | Bailey   | Reached skill level 10 in Fire Magic
  8981 | Bailey   | Reached XP level 10. HP: 50/50 MP: 3/23
  9037 | Bailey   | Acquired the +1 pair of gloves "Gyfech" {rN+ Regen+ Str-3}
  9410 | D:7      | Found a snail-covered altar of Cheibriados.
  9560 | D:7      | Learned a level 3 spell: Frozen Ramparts
  9767 | D:8      | Noticed a two-headed ogre
  9796 | D:8      | Killed a two-headed ogre
  9797 | D:8      | Reached skill level 9 in Conjurations
 10179 | D:8      | Offered knowledge of Searing Ray by Vehumet.
 10512 | D:8      | Found Beowulf's Dragon-Slaying Spoils.
 10731 | D:9      | Reached *** piety under Vehumet
 10768 | D:9      | Learned a level 4 spell: Hailstorm
 11185 | D:10     | Entered Level 10 of the Dungeon
 11240 | D:10     | Noticed a gargoyle
 11254 | D:10     | Killed a gargoyle
 11359 | D:10     | Reached XP level 11. HP: 54/54 MP: 18/25
 11361 | D:10     | Found a shadowy altar of Dithmenos.
 11373 | D:10     | Acquired Sif Muna's Grimoire of Ensnaring Moulding
 11381 | D:10     | Learned a level 5 spell: Irradiate
 11455 | D:10     | Reached skill level 10 in Spellcasting
 11455 | D:10     | Reached skill level 10 in Conjurations
 11731 | D:10     | Offered knowledge of Airstrike by Vehumet.
 11978 | D:10     | Found Mootetad's Book Shop.
 11984 | D:10     | Bought a book of Annihilations for 780 gold pieces
 12422 | D:11     | Reached **** piety under Vehumet
 12656 | D:11     | Identified the +0 leather armour "Dilim" {Regen+ rCorr}
 12723 | D:11     | Reached skill level 11 in Conjurations
 12758 | D:11     | Noticed Snorg
 12766 | D:11     | Killed Snorg
 12766 | D:11     | Offered knowledge of Freezing Cloud by Vehumet.
 12985 | D:11     | Found a staircase to the Lair.
 13332 | D:11     | Identified the +0 leather armour of Leaves {+Blink rPois
                  | rN+++ Str-2}
 13332 | D:11     | Noticed a boulder beetle
 13683 | D:11     | Got the Catalogue of Nature
 13727 | D:11     | Noticed a cyclops
 14114 | D:12     | Noticed a boulder beetle
 14135 | D:12     | Noticed a two-headed ogre
 14181 | Lair:1   | Entered Level 1 of the Lair of Beasts
 14187 | Lair:1   | Reached skill level 12 in Conjurations
 14190 | Lair:1   | Noticed Joseph
 14201 | Lair:1   | Killed Joseph
 14357 | Lair:1   | Reached XP level 12. HP: 59/59 MP: 21/28
 14441 | Lair:1   | Found a transporter.
 14448 | Lair:1   | Found a transporter.
 14454 | Lair:1   | Noticed a rakshasa
 14985 | Lair:1   | Reached skill level 13 in Conjurations
 15433 | Lair:1   | Noticed a sun demon
 15756 | Lair:2   | Reached skill level 1 in Armour
 15768 | Lair:2   | Reached ***** piety under Vehumet
 15802 | Lair:2   | Noticed a death yak
 15804 | Lair:2   | Noticed a death yak
 15839 | Lair:2   | Noticed a death yak
 15920 | Lair:1   | Noticed reptisaurus's ghost (journeyman HuFE)
 16111 | Lair:2   | Offered knowledge of Starburst by Vehumet.
 16127 | Lair:2   | Learned a level 6 spell: Starburst
 16202 | Lair:2   | Noticed a catoblepas
 16236 | Lair:2   | Killed a catoblepas
 16504 | Lair:2   | Noticed a boulder beetle
 16978 | Lair:2   | Noticed a death yak
 17041 | Lair:2   | Killed a death yak
 17042 | Lair:2   | Reached skill level 14 in Conjurations
 17074 | Lair:2   | Killed a death yak
 17210 | Lair:2   | Killed a death yak
 17212 | Lair:2   | Killed a death yak
 17668 | Lair:3   | Found a staircase to the Shoals.
 17679 | Lair:3   | Reached XP level 13. HP: 58/63 MP: 14/30
 17897 | Lair:3   | Reached skill level 15 in Conjurations
 19157 | Lair:4   | Reached skill level 5 in Armour
 19350 | Lair:4   | Found a staircase to the Snake Pit.
 19410 | Lair:4   | Reached skill level 16 in Conjurations
 20344 | Lair:4   | Reached skill level 17 in Conjurations
 20936 | Lair:5   | Reached XP level 14. HP: 68/68 MP: 17/33
 21124 | Lair:5   | Found a dark tunnel.
 21132 | Volcano  | Entered a volcano
 21483 | Volcano  | Found a burning altar of Makhleb.
 22099 | Lair:5   | Reached skill level 18 in Conjurations
 22911 | Lair:6   | Entered Level 6 of the Lair of Beasts
 22911 | Lair:6   | Found a staircase to the Slime Pits.
 22980 | Lair:6   | Reached skill level 15 in Spellcasting
 23165 | Lair:6   | Reached ****** piety under Vehumet
 23166 | Lair:6   | Reached skill level 19 in Conjurations
 23184 | Lair:6   | Learned a level 5 spell: Fireball
 23190 | Lair:6   | Learned a level 5 spell: Iskenderun's Battlesphere
 23194 | Lair:6   | Learned a level 3 spell: Stone Arrow
 23378 | Lair:6   | Identified the ring of Peace {rCorr Str+6 Stlth+}
 23439 | Lair:6   | Noticed Kirke
 23443 | Lair:6   | Killed Kirke
 23575 | Lair:6   | Offered knowledge of Sticky Flame by Vehumet.
 23934 | Lair:6   | Reached XP level 15. HP: 72/72 MP: 13/35
 24430 | Lair:6   | Reached skill level 20 in Conjurations
 24664 | Lair:6   | Reached skill level 1 in Shields
 24929 | Lair:6   | Offered knowledge of Eringya's Noxious Bog by Vehumet.
 25731 | D:12     | Found a staircase to the Orcish Mines.
 26397 | D:12     | Noticed Azrael
 26403 | D:12     | HP: 1/72 [Azrael/+4 scimitar of flaming (6)]
 26403 | D:12     | Slain by Azrael

Illustrated notes

Levels and vault maps discovered:
D:1:      minmay_arrival_nine_rooms, layout_basic, serial_shops,
          nicolae_square_shop
D:2:      layout_loops_ring, chequers_ecumenical_altar_twisty, kennysheep_potato
D:3:      layout_basic, grunt_temple_overflow_opulence,
          kennysheep_orc_sif_temple, mainiacjoe_overflow_brackets,
          kiku_gazebo_pond_becter
D:4:      layout_rooms, vehumet_statue, serial_curves, eino_curves_04,
          eino_curves_03, eino_curves_04, nicolae_ossuary_entry_giza
D:5:      nicolae_cairo_tiling_large, layout_gridville,
          ebering_ghost_rock_garden
D:6:      layout_layer_cave, mainiacjoe_overflow_alcove_2,
          nicolae_elyvilon_temple_path, lemuel_zombie_altar_yredelemnul,
          temple_pool_b, kennysheep_generic_room_11
D:7:      layout_cave_pools, grunt_qazlal_sundering, slow_altar_2, serial_shops,
          nicolae_shop_competitors_out_of_business, enter_bailey_5, minivault_19
D:8:      layout_basic, nicolae_shop_dragon_depot, minmay_misc_feat_doors
D:9:      layout_rooms, nrook_campfire
D:10:     layout_irregular_city, nicolae_dithmenos_shadow_blocks, serial_shops,
          shop
D:11:     layout_irregular_city, erik_lair_island, introduction_to_nature_2,
          uniq_snorg
D:12:     layout_roguey, orc_0_dummy, minmay_increasing_density, uniq_azrael
Lair:1:   layout_regular_city, gammafunk_ghost_abyssal_escape,
          serial_bayou_crossing, uniq_joseph
Lair:2:   layout_long_grid, bh_autumn_forest_stairs, small_statue_intersection,
          st_stairs_13, chequers_serial_rivers_room_a,
          kennysheep_abandoned_house, grunt_megastairs_3
Lair:3:   layout_cave_pods, elwin_shoals_entry_stream, serial_bayou_ford_a,
          chequers_serial_rivers_small_b, minivault_25,
          kennysheep_basilisk_garden
Lair:4:   beast_lair_carwin_large_3, layout_concentric_octagons,
          dummy_snake_entry, lemuel_fruit_fields
Lair:5:   layout_big_grid, enter_volcano_2, minmay_lair_oklob_bushes,
          minivault_25, cheibrodos_lair_caveside_slide,
          infiniplex_staircase_pool
Lair:6:   minmay_lair_end_enchanted_forest, layout_small_grid, slime_dummy,
          uniq_kirke

Skill      XL: |  1  2  3  4  5  6  7  8  9 10 11 12 13 14 15 |
---------------+----------------------------------------------+-----
Conjurations   | 2 3 4 5 6 8 9 12 14 17 19 20 | 20.5
Fire Magic     | 4 5 6 8 10 11 12 13 | 13.0
Spellcasting   | 3 4 5 6 8 9 11 12 14 15 16 | 16.3
Armour         | 3 5 |  5.0
Shields        | 3 |  3.4
Dodging        | |  2.1
Stealth        | |  2.0

Action                   |  1- 3 |  4- 6 |  7- 9 | 10-12 | 13-15 || total
-------------------------+-------+-------+-------+-------+-------++-------
Melee: Dagger            |    25 |    38 |     3 |    94 |   100 ||   260
       Peck              |     7 |     5 |     1 |    24 |    46 ||    83
       Kick              |     6 |    15 |       |    37 |    70 ||   128
       Unarmed           |     1 |       |       |       |       ||     1
       Punch             |       |     1 |       |     3 |     5 ||     9
       Quick blade       |       |       |       |       |    27 ||    27
Throw: Boomerang         |       |       |       |     2 |     1 ||     3
 Cast: Foxfire           |    37 |    92 |   154 |   298 |   237 ||   818
       Scorch            |    11 |    16 |    81 |   216 |   245 ||   569
       Flame Wave        |       |       |       |     3 |       ||     3
       Irradiate         |       |       |       |     5 |    21 ||    26
       Frozen Ramparts   |       |       |       |     4 |     6 ||    10
       Starburst         |       |       |       |    20 |   108 ||   128
       Hailstorm         |       |       |       |     4 |    22 ||    26
       Iskenderun's Batt |       |       |       |       |     3 ||     3
       Stone Arrow       |       |       |       |       |     2 ||     2
       Fireball          |       |       |       |       |     1 ||     1
Invok: Renounce Religion |     1 |       |       |       |       ||     1
  Use: Scroll            |     6 |     3 |     9 |    12 |     9 ||    39
       Potion            |       |       |     2 |       |     2 ||     4
 Stab: Sleeping          |     2 |       |       |       |     1 ||     3
Armor: Robe              |     3 |    10 |     4 |    39 |    18 ||    74
       Steam dragon scal |       |       |       |       |    63 ||    63
       Troll leather arm |       |       |       |       |     6 ||     6
Dodge: Dodged            |    20 |    26 |    25 |   161 |   227 ||   459
Block: Buckler           |       |       |       |       |     3 ||     3
